 Dungeon Crawl Stone Soup version 0.21.1-1-g345015f (webtiles) character file.

98 twistedcrescendo the Skirmisher (level 4, -1/42 HPs)
             Began as a Minotaur Berserker on June 23, 2018.
             Was a Believer of Trog.
             Slain by a gnoll
             ... wielding a +0 spear
              (3 damage)
             ... on level 3 of the Dungeon.
             The game lasted 00:12:15 (1884 turns).

twistedcrescendo the Skirmisher (MiBe)              Turns: 1884, Time: 00:12:16

Health: -1/42      AC:  7    Str: 21    XL:     4   Next: 43%
Magic:  3/3        EV: 12    Int:  4    God:    Trog [**....]
Gold:   166        SH:  0    Dex: 11    Spells: 3/3 levels left

rFire    . . .     SeeInvis .   n - +0 hunting sling (curse)
rCold    . . .     Gourm    .   (no shield)
rNeg     . . .     Faith    .   g - +3 leather armour
rPois    .         Spirit   .   (helmet restricted)
rElec    .         Reflect  .   (no cloak)
rCorr    .         Harm     .   (no gloves)
MR       .....                  t - +0 pair of boots
Stlth    +.........             u - amulet of rage
HPRegen  0.14/turn              (no ring)
MPRegen  0.08/turn              (no ring)

@: no status effects
A: retaliatory headbutt, horns 2
a: Berserk, Trog's Hand, Burn Spellbooks, Renounce Religion, Evoke Berserk Rage


You were on level 3 of the Dungeon.
You worshipped Trog.
Trog was pleased with you.
You were not hungry.

You visited 1 branch of the dungeon, and saw 3 of its levels.

You collected 166 gold pieces.

Inventory:

Hand Weapons
 a - a +0 mace
 n - a cursed +0 hunting sling (weapon)
Missiles
 e - a sling bullet (quivered)
Armour
 g - a +3 leather armour (worn)
 s - a +0 ring mail
 t - a +0 pair of boots (worn)
Jewellery
 u - an amulet of rage (around neck)
Scrolls
 b - 3 scrolls of enchant armour {unknown}
 h - a scroll of fear {unknown}
 i - a scroll of random uselessness {unknown}
 k - 2 scrolls of magic mapping {unknown}
 l - a scroll of blinking {unknown}
 m - 4 scrolls of identify {unknown}
 q - a scroll of teleportation {unknown}
 r - a scroll of remove curse {unknown}
 v - 2 scrolls of amnesia {unknown}
Potions
 f - 2 potions of degeneration {unknown}
 j - 2 potions of curing {unknown}
 o - a potion of resistance {unknown}
 p - a potion of might {unknown}
 w - a potion of heal wounds {unknown}
Comestibles
 c - 7 rations
 d - 5 chunks of flesh


   Skills:
 + Level 5.2 Fighting
 + Level 5.2 Maces & Flails
 - Level 2.4 Armour
 - Level 2.1 Dodging


You had 3 spell levels left.
You didn't know any spells.

Dungeon Overview and Level Annotations

Branches:
Dungeon (3/15)

Altars:


Innate Abilities, Weirdness & Mutations

You reflexively headbutt those who attack you in melee.
You have a pair of horns on your head.


Message History

The gnoll is severely wounded.
The gnoll closely misses you. The gnoll hits you but does no damage.
The gnoll hits you but does no damage. The gnoll hits you but does no damage.
The gnoll hits you but does no damage. The gnoll hits you but does no damage.
Found a spear.
You see here 2 sling bullets.
e - 2 sling bullets The gnoll hits you from afar with a spear.
* * * LOW HITPOINT WARNING * * *
Unknown command.
Firing (i - inventory):
e - 2 sling bullets (quivered)
Press: ? - help, Shift-Dir - straight line, f/p - gnoll
Aim: a gnoll, wielding a spear (heavily wounded)
You shoot a sling bullet.
The sling bullet hits the gnoll but does no damage.
The gnoll is heavily wounded.
The gnoll hits you from afar with a spear.
You die...

#<........# ..
######....###
.....# #......#
......
#....#+##.....#
#...†..........
###............
#...g.>...<..
#............
#....@(..(...
#######((....
..(... ..(..
...) .. .


You could see a gnoll.

Vanquished Creatures
  2 gnolls (D:3)
  An adder (D:2)
  An ooze (D:1)
  2 worms (D:2)
  3 dart slugs
  2 leopard geckos
  4 giant cockroaches
  12 goblins
  4 hobgoblins
  4 jackals (D:1)
  A ball python (D:2)
  6 bats
  2 frilled lizards (D:1)
  2 kobolds
  5 rats (D:1)
51 creatures vanquished.

Notes
Turn   | Place    | Note
-------+----------+-------------------------------------------
     0 | D:1      | twistedcrescendo the Minotaur Berserker began the quest for the Orb.
     0 | D:1      | Reached XP level 1. HP: 19/19 MP: 0/0
    95 | D:1      | Reached XP level 2. HP: 26/27 MP: 1/1
   407 | D:1      | Reached XP level 3. HP: 27/34 MP: 2/2
   602 | D:1      | Reached ** piety under Trog
  1379 | D:2      | Reached XP level 4. HP: 41/41 MP: 3/3
  1695 | D:2      | Reached skill level 5 in Maces & Flails
  1837 | D:3      | Reached skill level 5 in Fighting
  1883 | D:3      | HP: 2/42 [gnoll/spear (4)]
  1884 | D:3      | Slain by a gnoll

Skill      XL: |  1  2  3  4 |
---------------+-------------+-----
Fighting       | 4 5 |  5.2
Maces & Flails | 4 5 |  5.2
Armour         | |  2.4
Dodging        | |  2.1

Action                   |  1- 3 |  4- 6 || total
-------------------------+-------+-------++-------
Melee: Mace              |    74 |       ||    74
       Headbutt          |     7 |       ||     7
       Hunting sling     |       |     2 ||     2
 Fire: Hunting sling     |    50 |    24 ||    74
  Eat: Chunk             |     2 |     1 ||     3
Armor: Animal skin       |     4 |       ||     4
       Leather armour    |    22 |    10 ||    32
Dodge: Dodged            |    56 |    13 ||    69
